 Dungeon Crawl Stone Soup version 0.25-a0-544-gee0576305d (webtiles) character file.

Game seed: 806221308782997703, levelgen mode: deterministic

9 Lugonue the Insei (level 1, 0/15 HPs)
             Began as a Demigod Transmuter on Feb 20, 2020.
             Slain by a gnoll
             ... wielding a +0 spear
              (4 damage)
             ... on level 2 of the Dungeon.
             The game lasted 00:01:52 (803 turns).

Lugonue the Insei (Demigod Transmuter)               Turns: 803, Time: 00:01:52

Health: 0/15       AC:  2    Str: 13    XL:     1   Next: 86%
Magic:  5/5        EV: 13    Int: 17    God:
Gold:   98         SH:  0    Dex: 16    Spells: 2/3 levels left

rFire    . . .     SeeInvis .     - Unarmed
rCold    . . .     Gourm    .   (no shield)
rNeg     . . .     Faith    .   b - +0 robe
rPois    .         Spirit   .   (no helmet)
rElec    .         Reflect  .   (no cloak)
rCorr    .         Harm     .   (no gloves)
MR       .....     Rnd*Tele +   (no boots)
Stlth    +.........             (no amulet)
HPRegen  0.05/turn              l - ring of teleportation (curse)
MPRegen  0.09/turn              (no ring)

@: hasted, very quick
A: high mp 1
a: no special abilities


You were on level 2 of the Dungeon.
You were not hungry.

You visited 1 branch of the dungeon, and saw 2 of its levels.

You collected 98 gold pieces.

Inventory:

Missiles
 a - 85 arrows
 i - a throwing net (quivered)
Armour
 b - a +0 robe (worn)
Jewellery
 l - a cursed ring of teleportation (left hand)
Scrolls
 g - a scroll of magic mapping
 h - a scroll of enchant armour {unknown}
 j - a scroll of noise {unknown}
 k - a scroll of amnesia
Potions
 e - a potion of haste
 f - a potion of berserk rage {unknown}
Comestibles
 d - 4 rations


   Skills:
 * Level 0.8 Fighting
 + Level 2.0 Dodging
 + Level 2.9 Unarmed Combat
 * Level 1.9 Spellcasting
 + Level 1.9 Transmutations


You had 2 spell levels left.
You knew the following spells:

 Your Spells              Type           Power        Failure   Level  Hunger
a - Beastly Appendage     Tmut           #.....       9%          1    #......

Your spell library contained the following spells:

 Spells                   Type           Power        Failure   Level  Hunger
 Sticks to Snakes         Tmut           #.......     13%         2    ###....
 Spider Form              Tmut/Pois      #.........   36%         3    ###....
 Ice Form                 Ice/Tmut       #.......     78%         4    #####..
 Blade Hands              Tmut           #.........   94%         5    ######.


Dungeon Overview and Level Annotations

Branches:
Dungeon (2/15)


Innate Abilities, Weirdness & Mutations

You have an increased reservoir of magic. (+10% MP)


Message History

The gnoll is severely wounded.
A gnoll comes into view. It is wielding a +0 whip.
The gnoll hits you with a +0 spear.
* * * LOW HITPOINT WARNING * * *
Unknown command.
You feel yourself speed up.
Something hits the plant!
Something hits the plant but does no damage.
The gnoll closely misses you.
The gnoll hits something but does no damage.
The gnoll misses you.
You hit the gnoll. Your headbutt misses the gnoll.
The gnoll is almost dead.
The gnoll barely misses you.
Unknown command.
The gnoll closely misses you. The gnoll completely misses you.
You see here 13 stones.
Your horns disappear.
The gnoll misses you. The gnoll hits you with a +0 spear.
You die...

************,* ######
*,,..,,,,,,,,* .....#
***.#*******,* ####.######### *.#
*,* #.#.........####.# *,*
#...######.###.#.# *,* **
##.#.#...##.# #.#.# *,*****,
...#.#.#.##.###.#.# *,,,,**,
...#.#.#.##.#...@.# *,,,,**,
......<#.##.#g#g###*###***,,,,**,
............#.#g..,,..,,,,,g,,,,,
..##.#.######.#g###*.###*,..,,,,,
..##...........(####...##...,,,,,
..#..............g.........*****,
'##....#####.##...#.#'..##,*,* *,
.##....#....%.....#......#,,,* *,
.##....#.###.##...P..P......,* *,


You could see 4 gnolls.

Vanquished Creatures
  A giant cockroach (D:2)
  A goblin (D:1)
  A hobgoblin (D:1)
  2 kobolds (D:1)
  3 bats
8 creatures vanquished.

Notes
Turn   | Place    | Note
-------+----------+-------------------------------------------
     0 | D:1      | Lugonue the Demigod Transmuter began the quest for the Orb.
     0 | D:1      | Reached XP level 1. HP: 15/15 MP: 5/5
   803 | D:2      | Slain by a gnoll

Levels and vault maps discovered:
D:1:      psy_arrival_basics, layout_loops_ring, minivault_11
D:2:      cheibrodos_old_hovel, layout_basic, minmay_joined_circles, uniq_robin

Skill      XL: |  1 |
---------------+----+-----
Dodging        | 2 |  2.0
Fighting       | |  0.8
Unarmed Combat | |  2.9
Spellcasting   | |  1.9
Transmutations | |  1.9

Action                   || total
-------------------------++-------
Melee: Unarmed           ||    39
       Headbutt          ||     2
       Kick              ||     1
 Cast: Beastly Appendage ||     3
  Use: Scroll            ||     4
       Potion            ||     1
Armor: Robe              ||     9
Dodge: Dodged            ||    36

Table legend:
 A = Non-vault XP
 B = Vault XP
 C = Vault XP percentage of total XP
 D = Non-vault monster count
 E = Vault monster count
 F = Vault count percentage of total count
                 A         B        C        D         E       F
            +---------+---------+-------+---------+---------+-------
      Total |      11 |       2 |  15.4 |       7 |       1 |  12.5
            +---------+---------+-------+---------+---------+-------
        D:1 |      10 |       0 |   0.0 |       6 |       0 |   0.0
        D:2 |       1 |       2 |  66.7 |       1 |       1 |  50.0
            +---------+---------+-------+---------+---------+-------
